 Dungeon Crawl Stone Soup version 0.30.2 (webtiles) character file.

Game seed: 7804121739280972694

429 porpoise the Skirmisher (level 7, -2/44 HPs)
             Began as a Kobold Hunter on Jan 27, 2024.
             Slain by a hound (4 damage)
             ... on level 5 of the Dungeon.
             The game lasted 00:10:21 (3654 turns).

porpoise the Skirmisher (Kobold Hunter)             Turns: 3654, Time: 00:10:21

Health: -2/44      AC:  5    Str:  8    XL:     7   Next: 19%
Magic:  7/7        EV: 14    Int: 10    God:
Gold:   201        SH:  0    Dex: 21    Spells: 6/6 levels left

rFire   . . .        b - +1 dagger (venom)
rCold   . . .        (no shield)
rNeg    + . .        c - +0 leather armour
rPois   .            q - +2 hat
rElec   .            (no cloak)
rCorr   +            (no gloves)
SInv    .            (no boots)
Will    .....        (no amulet)
Stlth   +++          p - ring of positive energy
HPRegen 0.27/turn    w - ring of resist corrosion
MPRegen 0.10/turn

%: no passive effects
@: hasted, very quick
A: small, no large weapons, nightstalker 3
a: no special abilities


You were on level 5 of the Dungeon.
You visited 1 branch of the dungeon, and saw 5 of its levels.

You collected 201 gold pieces.

Inventory:

Hand Weapons
 a - a +0 shortbow
 b - a +1 dagger of venom (weapon)
 t - a +0 arbalest
Missiles
 u - 4 poisoned darts
 v - 2 boomerangs
Armour
 c - a +0 leather armour (worn)
 q - a +2 hat (worn)
Jewellery
 p - a ring of positive energy (left hand)
 w - a ring of resist corrosion (right hand)
Scrolls
 d - a scroll of amnesia {unknown}
 e - a scroll of poison
 f - 2 scrolls of immolation
 g - 5 scrolls of enchant armour
 h - 2 scrolls of enchant weapon
 i - 2 scrolls of fog
 j - a scroll of fear
Potions
 k - 2 potions of magic
 l - a potion of curing
 m - a potion of might {unknown}
 n - a potion of flight {unknown}
 o - a potion of resistance {unknown}
 r - a potion of haste
 s - a potion of degeneration {unknown}


   Skills:
 + Level 4.8 Fighting
 * Level 9.2 Ranged Weapons
 - Level 2.4 Dodging
 - Level 1.3 Stealth


You had 6 spell levels left.
You didn't know any spells.
Your spell library contained the following spells:

 Spells                   Type           Power      Damage    Failure   Level
 Poisonous Vapours        Pois/Air       0%         N/A       63%         2
 Mephitic Cloud           Conj/Pois/Air  0%         N/A       86%         3
 Tukima's Dance           Hex            0%         N/A       86%         3
 Passage of Golubria      Tloc           0%         N/A       99%         4
 Freezing Cloud           Conj/Ice/Air   0%         6-21      100%        5
 Yara's Violent Unravell  Hex/Tmut       0%         3d3       100%        5
 Conjure Ball Lightning   Conj/Air       0%         3x3d6     100%        6
 Discord                  Hex            0%         N/A       100%        8
 Disjunction              Tloc           0%         N/A       100%        8


Dungeon Overview and Level Annotations

Branches:
Dungeon (5/15)
 Temple: D:4-7

Altars:

Shops:
D:4 [

Annotations:
D:2 1 runed translucent door, Crazy Yiuf


Innate Abilities, Weirdness & Mutations

You are small and have problems with some larger weapons.
You are completely attuned to the shadows.


Message History

You hit the gnoll bouda but do no damage.
The gnoll bouda looks as sick as possible!
The gnoll bouda is almost dead.
You kill the gnoll bouda!
The gnoll closely misses you.
The gnoll hits you from afar with a +0 spear.
The gnoll barely misses you. The gnoll misses you.
Things that are here:
a +0 club; a +0 robe You barely miss the gnoll.
The gnoll is heavily wounded.
Your attacks no longer feel as feeble.
The gnoll closely misses you. The gnoll hits you with a +0 spear.
* * * LOW HITPOINT WARNING * * *
You hit the gnoll.
The gnoll is poisoned.
The gnoll is severely wounded.
The gnoll misses you. The gnoll completely misses you.
You hit the gnoll.
The gnoll is poisoned.
The gnoll is moderately wounded.
The gnoll hits you with a +0 spear.
* * * LOW HITPOINT WARNING * * *
The gnoll hits you with a +0 spear.
* * * LOW HITPOINT WARNING * * *
You feel yourself speed up.
The gnoll is no longer moving quickly.
You kill the gnoll!
The gnoll barely misses you. The hound attacks as you move away!
The hound closely misses you. The hound attacks as you move away!
The hound bites you but does no damage. The hound bites you.
* * * LOW HITPOINT WARNING * * *
You feel a bit more experienced. The hound attacks as you move away!
The hound misses you. The hound attacks as you move away!
The hound closely misses you.
You hit the hound but do no damage. The hound closely misses you.
The hound bites you.
* * * LOW HITPOINT WARNING * * *
You hit the hound.
The hound is lightly wounded.
The hound bites you.
You die...

#. ..# #.##.# #.#.### #.##.#
####.##.# ###.#.... ....####
........###...#.... ##.#.....#
###.###........†... #..
#)##..######..#####.#.#...... #.#
#)##.........................
#.###.#......###.######..##.#....
.gg.g...###..# #h# ###..##.#....
.####.### #.## #@####....##.# ##
)# #.# #.# #.##...##..#.#
g####.#####.####(#..#####...#
...##.#.....##......## ##..#
.#..#...#####........## #..#
..$..^..# #..........# ##.#
........####..........# #.#
......#+#..#..........# ......+
+....>........#


You could see a hound.

Vanquished Creatures
  A scorpion (D:5)
  An orc priest (D:5)
  A gnoll bouda (D:5)
  A hound (D:4)
  2 iguanas (D:5)
  3 orc wizards (D:5)
  2 gnolls (D:5)
  6 adders
  A worm (D:2)
  A dart slug (D:1)
  5 orcs
  6 endoplasms
  3 giant cockroaches
  11 goblins
  6 hobgoblins
  7 jackals (D:2)
  6 ball pythons
  2 bats
  2 frilled lizards (D:1)
  5 kobolds
  10 rats
82 creatures vanquished.

Notes
Turn   | Place    | Note
-------+----------+-------------------------------------------
     0 | D:1      | porpoise the Kobold Hunter began the quest for the Orb.
     0 | D:1      | Reached XP level 1. HP: 12/12 MP: 1/1
   117 | D:1      | Reached XP level 2. HP: 18/18 MP: 2/2
   301 | D:1      | Reached skill level 6 in Ranged Weapons
   421 | D:1      | Reached XP level 3. HP: 20/22 MP: 3/3
   854 | D:2      | Reached XP level 4. HP: 27/28 MP: 4/4
  1042 | D:2      | Found a runed translucent door.
  1380 | D:2      | Noticed Crazy Yiuf
  1598 | D:3      | Reached skill level 7 in Ranged Weapons
  1716 | D:3      | Reached XP level 5. HP: 32/32 MP: 5/5
  2381 | D:4      | Found Rysoaherph's Armour Emporium.
  3013 | D:5      | Entered Level 5 of the Dungeon
  3030 | D:5      | Reached XP level 6. HP: 35/38 MP: 6/6
  3093 | D:5      | Reached skill level 8 in Ranged Weapons
  3478 | D:5      | Reached skill level 9 in Ranged Weapons
  3478 | D:5      | Reached XP level 7. HP: 12/44 MP: 7/7
  3653 | D:5      | HP: 2/44 [hound (5)]
  3654 | D:5      | Slain by a hound

Illustrated notes

Levels and vault maps discovered:
D:1:      lemuel_arrival_cross, layout_basic, fountainhead
D:2:      layout_rooms, uniq_crazy_yiuf_cottage
D:3:      layout_rooms
D:4:      layout_loops_ring, serial_shops, nicolae_lakefront_shop
D:5:      layout_rooms, serial_shops, nicolae_shop_behind_doors,
          nicolae_ea-nasir_strikes_again

Skill      XL: |  1  2  3  4  5  6 |
---------------+-------------------+-----
Ranged Weapons | 6 7 9 |  9.2
Fighting       | 3 4 |  4.8
Dodging        | |  2.4
Stealth        | |  1.3

Action                     |  1- 3 |  4- 6 |  7- 9 || total
---------------------------+-------+-------+-------++-------
  Melee: Dagger            |     4 |    32 |    12 ||    48
   Fire: Shortbow          |    74 |   126 |     3 ||   203
         Arbalest          |       |     6 |       ||     6
    Use: Scroll            |     4 |     7 |       ||    11
         Potion            |       |     2 |     1 ||     3
 Armour: Leather armour    |     9 |    27 |     5 ||    41
  Dodge: Dodged            |    35 |    78 |    20 ||   133
